 Dungeon Crawl Stone Soup version 0.28-a0-1415-g7c84da036a (webtiles) character file.

Game seed: 14399174565033550003

124 bande the Covered (level 5, 0/33 HPs)
             Began as a Gargoyle Fighter on Jan 8, 2022.
             Slain by an ogre (4 damage)
             ... on level 3 of the Dungeon.
             The game lasted 00:05:30 (2509 turns).

bande the Covered (Gargoyle Fighter)                Turns: 2509, Time: 00:05:30

Health: 0/33       AC: 11    Str: 19    XL:     5   Next: 8%
Magic:  0/5        EV:  9    Int:  9    God:
Gold:   28         SH:  5    Dex: 11    Spells: 4/4 levels left

rFire   + . .      SeeInvis .   a - +0 war axe
rCold   + . .      Faith    .   c - +1 buckler
rNeg    + . .      Spirit   +   b - +0 scale mail
rPois   ∞          Reflect  .   (no helmet)
rElec   +          Harm     .   (no cloak)
rCorr   +          Rampage  .   (no gloves)
Will    .....                   (no boots)
Stlth   ..........              k - amulet of guardian spirit
HPRegen 0.11/turn               (no ring)
MPRegen 0.09/turn               (no ring)

@: mighty, resistant
A: sickness immunity, AC +4, negative energy resistance 1, electricity
resistance, torment resistance 1, petrification resistance
a: no special abilities


You were on level 3 of the Dungeon.
You visited 1 branch of the dungeon, and saw 3 of its levels.

You collected 28 gold pieces.

Inventory:

Hand Weapons
 a - a +0 war axe (weapon)
Armour
 b - a +0 scale mail (worn)
 c - a +1 buckler (worn)
Jewellery
 k - an amulet of guardian spirit (around neck)
Wands
 f - a wand of paralysis (2)
Potions
 d - 3 potions of might
 e - 2 potions of berserk rage
 g - 2 potions of invisibility
 h - a potion of lignification {unknown}


   Skills:
 + Level 3.7 Fighting
 + Level 3.2 Axes
 + Level 4.3 Armour
 + Level 0.1 Stealth
 + Level 3.8 Shields


You had 4 spell levels left.
You didn't know any spells.
Your spell library contained the following spells:

 Spells                   Type           Power      Damage    Failure   Level
 Beastly Appendage        Tmut           0%         N/A       83%         1
 Sandblast                Erth           0%         2d4       83%         1
 Passwall                 Tmut/Erth      0%         N/A       93%         2
 Wereblood                Tmut           0%         N/A       93%         2
 Spider Form              Tmut/Pois      0%         N/A       99%         3
 Stone Arrow              Conj/Erth      0%         3d7       99%         3


Dungeon Overview and Level Annotations

Branches:
Dungeon (3/15)

Altars:


Innate Abilities, Weirdness & Mutations

You are immune to sickness and miasma.
Your stone body is resilient. (AC +4)
You are immune to poison.
You resist negative energy. (rN+)
You are resistant to electric shocks. (rElec)
You are resistant to unholy torment.
You are immune to petrification.


Message History

* * * LOW HITPOINT WARNING * * *
You hit Ijyb.
Ijyb is almost dead.
Ijyb zaps a wand.
You suddenly lose the ability to move!
Ijyb screams, "It's all mine!"
Ijyb hits you but does no damage. Ijyb hits you but does no damage.
Ijyb zaps a wand.
You shrug off the repeated paralysis!
Ijyb hits you but does no damage.
Ijyb zaps a wand.
You resist with some effort. Ijyb hits you but does no damage.
Ijyb hits you with a +1 dagger of draining.
* * * LOW HITPOINT WARNING * * *
You can move again.
It was a potion of resistance.
You feel protected.
Ijyb hits you with a +1 dagger of draining.
* * * LOW HITPOINT WARNING * * *
You barely miss Ijyb.
Ijyb is almost dead.
Ijyb hits you but does no damage.
You closely miss Ijyb.
Ijyb is almost dead.
Ijyb hits you with a +1 dagger of draining.
* * * LOW HITPOINT WARNING * * *
You hit Ijyb.
You kill Ijyb!
You have reached level 5!
f - a wand of paralysis (2);
h - a bubbling red potion
Things that are here:
a +1 dagger of draining; a +0 leather armour; the goblin corpse of Ijyb As you open the door, it creaks loudly!
An ogre comes into view. It is wielding a +0 giant club.
The ogre shouts!
A dart slug comes into view.
There is an open door here.
There is an open door here.
You feel very mighty all of a sudden. The ogre hits you with a +0 giant club.
You die...

###
#.##############
#..............#
#.############.#
#.# #.# #.# #.#
#)# #.# #@# #.#
#O# #.#
###'##### #.#
#.......# #.#
#.......# #.#
+.......# #.#
#.......# #.#
#.......# #.###
#.......# #>...


You could see an ogre.

Vanquished Creatures
  Ijyb (D:3)
  5 adders
  A worm (D:2)
  4 dart slugs
  6 ball pythons
  5 endoplasms
  2 giant cockroaches (D:1)
  6 goblins
  2 hobgoblins (D:1)
  A quokka (D:1)
  3 bats (D:2)
  4 kobolds
  3 rats
43 creatures vanquished.

Vanquished Creatures (others)
  A fungus (D:3)
1 creature vanquished.

Grand Total: 44 creatures vanquished

Notes
Turn   | Place    | Note
-------+----------+-------------------------------------------
     0 | D:1      | bande the Gargoyle Fighter began the quest for the Orb.
     0 | D:1      | Reached XP level 1. HP: 14/14 MP: 1/1
     2 | D:1      | Noticed a demonspawn zombie
     6 | D:1      | Noticed a minotaur zombie
    11 | D:1      | Noticed a minotaur zombie
    58 | D:1      | Found a faded altar of an unknown god.
    77 | D:1      | Reached XP level 2. HP: 18/19 MP: 2/2
   620 | D:1      | Reached XP level 3. HP: 24/24 MP: 3/3
  1592 | D:2      | Reached skill level 4 in Armour
  1650 | D:2      | Reached XP level 4. HP: 29/29 MP: 4/4
  2462 | D:3      | Noticed Ijyb
  2467 | D:3      | Paralysed by Ijyb for 7 turns
  2475 | D:3      | Paralysed by Ijyb for 7 turns
  2488 | D:3      | Paralysed by Ijyb for 7 turns
  2498 | D:3      | Killed Ijyb
  2499 | D:3      | Reached XP level 5. HP: 3/33 MP: 1/5
  2503 | D:3      | Noticed an ogre
  2509 | D:3      | Slain by an ogre

Illustrated notes

Levels and vault maps discovered:
D:1:      shiori_arrival_whats_in_store_for_you, layout_basic,
          chequers_ecumenical_altar_simple_redux
D:2:      layout_loops_corners, minmay_ruptured
D:3:      layout_basic, mainiacjoe_overflow_six_doors_small,
          lightli_temple_of_fire, gammafunk_ghost_smash, gup_sewer_entry_bowl,
          minmay_starry_boxes, uniq_crazy_yiuf_cottage, uniq_terence, uniq_ijyb,
          uniq_sigmund

Skill      XL: |  1  2  3  4 |
---------------+-------------+-----
Axes           | 2 3 |  3.2
Armour         | 4 |  4.3
Fighting       | |  3.7
Stealth        | |  0.1
Shields        | |  3.8

Action                   |  1- 3 |  4- 6 || total
-------------------------+-------+-------++-------
Melee: War axe           |    86 |    66 ||   152
  Use: Potion            |     1 |     2 ||     3
       Scroll            |     2 |     3 ||     5
Armor: Scale mail        |    43 |    47 ||    90
Dodge: Dodged            |    42 |    35 ||    77
Block: Buckler           |    12 |     9 ||    21

Table legend: (Time is in decaauts)
 A = Elapsed time spent in this place.
 B = Non-inter-level travel time spent in this place.
 C = Inter-level travel time spent in this place.
 D = Time resting spent in this place.
 E = Time spent auto-exploring this place.
 F = Levels seen in this place.
 G = Mean time per level.
                   A        B        C        D        E       F      G
               +--------+--------+--------+--------+--------+-----+--------+
         Total |   2587 |   2587 |      0 |    498 |   1633 |   3 |  862.3 |
       Dungeon |   2587 |   2587 |      0 |    498 |   1633 |   3 |  862.3 |
               +--------+--------+--------+--------+--------+-----+--------+

Top non-repeatable levels by time:
     D:2: 1641 daAuts
     D:1: 850 daAuts
     D:3: 94 daAuts
